 Dungeon Crawl Stone Soup version 0.25-a0-458-g6fc7858b95 (webtiles) character file.

Game seed: 17915904729334718012, levelgen mode: deterministic

10202 ipx the Cleaver (level 11, -3/87 HPs)
             Began as a Minotaur Monk on Feb 3, 2020.
             Was an Elder of Ru.
             Slain by a meliai
             ... wielding a +0 hand axe
              (5 damage)
             ... on level 13 of the Dungeon.
             The game lasted 01:18:19 (5018 turns).

ipx the Cleaver (Minotaur Monk)                     Turns: 5018, Time: 01:18:19

Health: -3/87      AC:  9    Str: 17    XL:     11   Next: 33%
Magic:  8/13       EV: 16    Int:  7    God:    Ru [****..]
Gold:   618        SH:  6    Dex: 15    Spells: 8/10 levels left

rFire    . . .     SeeInvis +   a - +2 war axe (elec)
rCold    . . .     Gourm    .   (shield unavailable)
rNeg     . . .     Faith    .   j - +0 troll leather armour
rPois    .         Spirit   .   (helmet restricted)
rElec    .         Reflect  +   H - +0 cloak
rCorr    .         Harm     .   G - +0 pair of gloves
MR       .....                  J - +0 pair of boots
Stlth    ++........             x - +6 amulet of reflection
HPRegen  0.64/turn              (ring unavailable)
MPRegen  0.13/turn              V - ring of see invisible

@: lethally poisoned (-3 -> -3), exhausted, vulnerable
A: retaliatory headbutt, horns 2, frail 1, missing a hand
a: Draw Out Power, Power Leap, Renounce Religion


You were on level 13 of the Dungeon.
You worshipped Ru.
Ru was greatly pleased with you.
You were not hungry.

You visited 2 branches of the dungeon, and saw 14 of its levels.
You also visited: Ossuary.

You collected 618 gold pieces.

Inventory:

Hand Weapons
 a - a +2 war axe of electrocution (weapon)
 b - a +4 fustibalus
 m - the +6 dagger "Giantslayer" {antimagic, -Tele rPois rF+ Dex+3}
   (You found it on level 4 of the Dungeon)

   It reduces the magical energy of the wielder, and disrupts the spells and
   magical abilities of those hit.
   Natural abilities and divine invocations are not affected.
   It affects your dexterity (+3).
   It protects you from fire.
   It protects you from poison.
   It prevents most forms of teleportation.
 v - a +1 dagger of venom
Missiles
 h - 74 stones
 t - 2 javelins (quivered)
 y - 67 sling bullets
 E - 4 boomerangs of dispersal
Armour
 j - a +0 troll leather armour (worn)
 G - a +0 pair of gloves (worn)
 H - a +0 cloak (worn)
 J - a +0 pair of boots (worn)
 M - a +0 plate armour
Jewellery
 s - a +2 ring of strength
 x - a +6 amulet of reflection (around neck)
 C - an uncursed ring of protection from cold
 I - an uncursed ring of ice
 L - an uncursed ring of flight
 U - an uncursed amulet of the gourmand
 V - a ring of see invisible (right hand)
 W - an uncursed ring of wizardry
Wands
 e - a wand of disintegration (3)
 n - a wand of random effects (29)
 u - a wand of digging (7)
 O - a wand of acid (8)
Scrolls
 d - 4 scrolls of remove curse
 f - 3 scrolls of amnesia
 g - 2 scrolls of fog
 i - a scroll of acquirement {unknown}
 k - 7 scrolls of teleportation
 o - a scroll of magic mapping
 q - 2 scrolls of noise {unknown}
 r - 3 scrolls of enchant armour
 K - 2 scrolls of silence {unknown}
Potions
 l - 3 potions of lignification
 p - 2 potions of curing
 w - 3 potions of flight
 A - a potion of degeneration {unknown}
 B - a potion of might
 D - a potion of agility {unknown}
 F - a potion of ambrosia {unknown}
 N - a potion of resistance
 Q - a potion of cancellation {unknown}
 R - a potion of magic {unknown}
Comestibles
 c - 12 rations


   Skills:
 - Level 9.4 Fighting
 - Level 4.1 Short Blades
 + Level 11.7(12.4) Axes
   Level 6.8(10.2) Maces & Flails
 - Level 3.4(4.2) Slings
 - Level 3.4(4.0) Throwing
 + Level 8.0 Armour
 + Level 6.5 Dodging
 - Level 1.5 Stealth
 - Level 5.0 Evocations


You had 8 spell levels left.
You knew the following spells:

 Your Spells              Type           Power        Failure   Level  Hunger
a - Animate Skeleton      Necr           N/A          47%         1    ##.....
b - Apportation           Tloc           #.....       47%         1    ##.....

Your spell library contained the following spells:

 Spells                   Type           Power        Failure   Level  Hunger
 Corona                   Hex            #......      47%         1    ##.....
 Magic Dart               Conj           #...         47%         1    ##.....
 Summon Small Mammal      Summ           #...         47%         1    ##.....
 Blink                    Tloc           N/A          63%         2    ###....
 Call Imp                 Summ           #.......     63%         2    ###....
 Slow                     Hex            #.......     63%         2    ###....
 Conjure Flame            Conj/Fire      #.......     85%         3    ####...
 Mephitic Cloud           Conj/Pois/Air  #.......     85%         3    ####...


Dungeon Overview and Level Annotations

Branches:
Dungeon (13/15)            Temple (1/1) D:7         Ossuary (visited)
   Lair: D:8-11         Orc: D:9-12      Vaults: D:13-14

Altars:
Cheibriados
Dithmenos
Elyvilon
Gozag
Kikubaaqudgha
Okawaru
Ru
Xom

Shops:
D:12 (

Annotations:
D:3 1 runed translucent door, LostGamesStreakFreak's ghost, amateur MfMo


Innate Abilities, Weirdness & Mutations

You reflexively headbutt those who attack you in melee.
You have a pair of horns on your head.
You are frail. (-10% HP)
You are missing a hand.


Message History

The meliai begins to pray, but is stunned by your will!
You feel sick.
The meliai mumbles some strange prayers to its god against you.
Something smites you!
* * * LOW HITPOINT WARNING * * *
The meliai hits you but does no damage. The meliai stings you.
* * * LOW HITPOINT WARNING * * *
The meliai completely misses you.
The meliai stings you but does no damage.
A centaur comes into view.
Okay, then.
Unknown command.
Press: ? - help, v - describe, . - travel
Here: a meliai, wielding a +0 hand axe and wearing a +0 robe (severely wounded)
The floor.
Okay, then.
As you read the scroll labeled ANGAOD QOTHRO, it crumbles to dust.
Magic quickly surges around you.
It was a scroll of vulnerability.
You feel sick. The meliai hits you with a +0 hand axe.
You die...

### #... ... #
#.###########
#.##5.........#
c..............
#.##..y@......#
#.##..)y......#
#.##..........#
#######.##..........#
#....................
#.......).########.##
#.........# .#
#.........##### #
#..............


You could see 2 meliai, a centaur and a shadow imp.

Vanquished Creatures
  A two-headed ogre (D:10)
  3 unseen horrors
  Pikel (D:9)
  An ugly thing (D:11)
  2 centaur zombies (D:10)
  Maggie (D:6)
  Psyche (D:10)
  A yaktaur (D:10)
  A meliai (D:13)
  A troll (D:11)
  Prince Ribbit (D:6)
  A hornet (D:11)
  A hippogriff (D:13)
  2 hungry ghosts
  Menkaure (Ossuary)
  4 vampire mosquitoes (D:13)
  An acid dragon (D:13)
  A water moccasin (D:11)
  4 orc warriors
  3 slaves (D:9)
  2 ice beasts
  2 phantoms
  4 ogres
  3 centaurs
  7 bullfrogs
  A wyvern zombie (D:10)
  3 scorpions
  11 killer bees
  3 howler monkeys
  A wight (D:8)
  2 crimson imps
  3 bullfrog zombies
  A jelly (D:11)
  A quasit (D:8)
  3 hounds
  An iron imp (D:7)
  8 orc priests
  A bullfrog skeleton (D:12)
  5 worker ants
  Natasha (thrice) (D:2)
  10 orc wizards
  2 hound zombies
  3 mummies (Ossuary)
  A hound skeleton (D:7)
  A worker ant zombie (D:10)
  5 adders
  A shadow imp (D:11)
  An ooze (D:5)
  An adder skeleton (D:3)
  2 worms (D:3)
  2 dart slugs
  7 leopard geckos
  48 orcs
  5 giant cockroaches
  2 gnoll zombies (Ossuary)
  5 hobgoblins
  6 jackals
  5 kobolds
  6 quokkas
  A ball python (D:3)
  5 bats
  6 frilled lizards
  6 gnoll skeletons (Ossuary)
  12 goblins
  4 goblin skeletons (Ossuary)
  4 goblin zombies (Ossuary)
  2 hobgoblin skeletons (Ossuary)
  3 hobgoblin zombies (Ossuary)
  3 kobold skeletons (Ossuary)
  6 kobold zombies (Ossuary)
  4 orc skeletons (Ossuary)
  3 orc zombies (Ossuary)
  6 rats
  6 rat skeletons (Ossuary)
  7 rat zombies (Ossuary)
288 creatures vanquished.

Vanquished Creatures (others)
  A centaur (D:9)
  A spectral orc (D:9)
2 creatures vanquished.

Grand Total: 290 creatures vanquished

Notes
Turn   | Place    | Note
-------+----------+-------------------------------------------
     0 | D:1      | ipx the Minotaur Monk began the quest for the Orb.
     0 | D:1      | Reached XP level 1. HP: 19/19 MP: 0/0
   115 | D:1      | Reached XP level 2. HP: 20/26 MP: 1/1
   253 | D:2      | HP: 1/39 [poisoned by an adder]
   386 | D:2      | Reached skill level 5 in Maces & Flails
   403 | D:2      | Reached XP level 3. HP: 14/31 MP: 2/2
   408 | D:2      | Noticed Natasha
   590 | D:2      | Killed Natasha
   598 | D:2      | Noticed Natasha
   600 | D:2      | Reached XP level 4. HP: 33/39 MP: 3/3
   609 | D:2      | Killed Natasha
   668 | D:2      | Noticed Natasha
   677 | D:2      | Killed Natasha
   863 | D:3      | Reached skill level 1 in Short Blades
   863 | D:3      | Reached XP level 5. HP: 34/46 MP: 4/4
   897 | D:3      | Found a runed translucent door.
   900 | D:3      | Noticed LostGamesStreakFreak's ghost (amateur MfMo)
  1049 | D:4      | Noticed a phantom
  1078 | D:4      | Noticed an ogre
  1108 | D:3      | Killed a phantom
  1108 | D:3      | Reached skill level 1 in Throwing
  1108 | D:3      | Reached skill level 1 in Evocations
  1108 | D:3      | Reached XP level 6. HP: 39/52 MP: 4/6
  1372 | D:4      | Learned a level 1 spell: Animate Skeleton
  1374 | D:4      | Learned a level 1 spell: Apportation
  1384 | D:4      | Got a warped dagger
  1385 | D:4      | Identified the +6 dagger "Giantslayer" {antimagic, -Tele
                  | rPois rF+ Dex+3} (You found it on level 4 of the Dungeon)
  1419 | D:4      | Found a shimmering altar of Xom.
  1419 | D:4      | Found an ancient bone altar of Kikubaaqudgha.
  1419 | D:4      | Found an opulent altar of Gozag.
  1426 | D:4      | Found a transporter.
  1433 | D:4      | Found a transporter.
  1488 | D:5      | Entered Level 5 of the Dungeon
  1519 | D:4      | Noticed an unseen horror
  1551 | D:4      | Killed an unseen horror
  1551 | D:4      | Reached XP level 7. HP: 13/59 MP: 6/9
  1604 | D:4      | Reached XP level 8. HP: 26/67 MP: 10/10
  1678 | D:5      | Reached skill level 5 in Evocations
  1822 | D:5      | Reached skill level 5 in Fighting
  2173 | D:6      | Noticed Maggie
  2201 | D:6      | Killed Maggie
  2224 | D:6      | Found a sand-covered staircase.
  2233 | Ossuary  | Entered an ossuary
  2530 | Ossuary  | Noticed Menkaure
  2533 | Ossuary  | Killed Menkaure
  2533 | Ossuary  | Reached XP level 9. HP: 83/83 MP: 3/11
  2628 | D:6      | Reached skill level 1 in Axes
  2668 | D:6      | Reached skill level 2 in Axes
  2782 | D:7      | Reached skill level 3 in Axes
  2816 | D:7      | Reached skill level 4 in Axes
  2818 | D:6      | Noticed Prince Ribbit
  2943 | D:6      | Reached skill level 5 in Axes
  2983 | D:6      | Killed Prince Ribbit
  2983 | D:6      | Reached skill level 6 in Axes
  3072 | D:7      | Reached skill level 7 in Axes
  3319 | D:7      | Found a staircase to the Ecumenical Temple.
  3334 | D:7      | Found a snail-covered altar of Cheibriados.
  3374 | Temple   | Entered the Ecumenical Temple
  3378 | Temple   | Became a worshipper of Ru the Awakened
  3379 | Temple   | Gained mutation: You are missing a hand. [Ru sacrifice]
  3379 | Temple   | Reached * piety under Ru
  3379 | Temple   | Reached ** piety under Ru
  3449 | D:8      | Reached skill level 8 in Axes
  3449 | D:8      | Reached skill level 1 in Slings
  3589 | D:9      | Found an iron altar of Okawaru.
  3605 | D:9      | Noticed Pikel
  3614 | D:9      | Killed Pikel
  3614 | D:9      | Reached skill level 5 in Dodging
  3614 | D:9      | Reached XP level 10. HP: 55/91 MP: 12/12
  3950 | D:10     | Entered Level 10 of the Dungeon
  3990 | D:10     | Noticed Psyche
  4033 | D:10     | Killed Psyche
  4033 | D:10     | Reached skill level 9 in Axes
  4033 | D:10     | Reached skill level 1 in Armour
  4063 | D:10     | Noticed an unseen horror
  4080 | D:10     | Killed an unseen horror
  4325 | D:10     | Gained mutation: You are frail. (-10% HP) [Ru sacrifice]
  4325 | D:10     | Reached *** piety under Ru
  4325 | D:10     | Reached **** piety under Ru
  4372 | D:10     | Reached skill level 10 in Axes
  4396 | D:10     | Noticed a manticore
  4429 | D:10     | Noticed a two-headed ogre
  4442 | D:10     | Killed a two-headed ogre
  4442 | D:10     | Reached skill level 5 in Armour
  4603 | D:11     | Reached XP level 11. HP: 67/87 MP: 13/13
  4649 | D:11     | Noticed a white ugly thing
  4657 | D:11     | Paralysed by a hornet for 2 turns
  4663 | D:11     | Killed a white ugly thing
  4663 | D:11     | Reached skill level 11 in Axes
  4842 | D:12     | Found Weshrumun's Antique Weapon Shop.
  4892 | D:12     | Noticed a brown ugly thing
  4973 | D:13     | Noticed an unseen horror
  4988 | D:13     | Killed an unseen horror
  5017 | D:13     | HP: 3/87 [meliai/+0 hand axe (4)]
  5018 | D:13     | Slain by a meliai

Levels and vault maps discovered:
D:1:      minmay_arrival_pointy, layout_basic
D:2:      minmay_angry_zag, layout_rooms, uniq_natasha
D:3:      layout_basic, ebering_ghost_sewer_f, grunt_decor_clamped
D:4:      layout_rooms, gammafunk_temple_overflow_arena, minmay_crossroads
D:5:      layout_rooms, first_ration
D:6:      layout_rooms, nicolae_ossuary_entry_ruins, kennysheep_generic_room_11,
          uniq_prince_ribbit1, uniq_maggie
D:7:      layout_gridville, slow_altar_1, temple_pool_b, serial_shops, shop
D:8:      layout_basic, special_room [special_room_orc], grunt_pizzeria
D:9:      layout_grid_maze, yredelemnul_forgotten_temple_becter,
          marbit_many_paths, david_lair_shrubbed, serial_glass, glass_columns_b,
          glass_columns_a, glass_columns_a, glass_columns_a, glass_columns_c,
          glass_columns_b, basic_altar, uniq_pikel
D:10:     minmay_the_grid_triangle_9x9_rhombus_full
          [minmay_the_grid_triangle_9x9_subtriangle,
          minmay_the_grid_triangle_9x9_tough_junction,
          minmay_the_grid_triangle_9x9_intruding_spiral,
          minmay_the_grid_triangle_9x9_semitri,
          minmay_the_grid_triangle_9x9_from_above,
          minmay_the_grid_triangle_9x9_cache,
          minmay_the_grid_triangle_9x9_impossible_snake,
          minmay_the_grid_triangle_9x9_prize_center], layout_irregular_city,
          minmay_increasing_density, uniq_psyche
D:11:     layout_roguey, serial_shops, kennysheep_mini_moat
D:12:     minmay_klotski, layout_gridville, hiddenorc1_lemuel, serial_shops,
          nicolae_shop_window_shopping
D:13:     layout_basic, uniq_rupert
Temple:   kb_temple_of_zot

Skill      XL: |  1  2  3  4  5  6  7  8  9 10 11 |
---------------+----------------------------------+-----
Maces & Flails | 4 5 6 |  6.8
Fighting       | 4 9 |  9.4
Short Blades   | 1 2 4 |  4.1
Throwing       | 1 3 |  3.4
Evocations     | 1 4 5 |  5.0
Dodging        | 5 6 |  6.5
Axes           | 8 10 11 | 11.7
Slings         | 3 |  3.4
Armour         | 6 8 |  8.0
Stealth        | |  1.5

Action                   |  1- 3 |  4- 6 |  7- 9 | 10-12 || total
-------------------------+-------+-------+-------+-------++-------
Melee: Mace              |    51 |    40 |       |       ||    91
       Headbutt          |     1 |    27 |    65 |    39 ||   132
       Dagger            |       |    81 |   269 |    50 ||   400
       Flail             |       |    19 |       |       ||    19
       War axe           |       |       |    60 |   171 ||   231
 Fire: Hunting sling     |     2 |     3 |     8 |       ||    13
       Fustibalus        |       |       |     2 |     7 ||     9
Throw: Javelin           |       |     4 |    14 |     8 ||    26
Invok: Sacrifice a Hand  |       |       |     1 |       ||     1
       Draw Out Power    |       |       |       |     3 ||     3
       Sacrifice Health  |       |       |       |     1 ||     1
       Power Leap        |       |       |       |     2 ||     2
Evoke: Wand              |       |     3 |     6 |     3 ||    12
  Use: Potion            |     4 |       |     2 |     2 ||     8
       Scroll            |       |     7 |     5 |     7 ||    19
 Stab: Sleeping          |       |       |     3 |       ||     3
       Distracted        |       |       |     1 |     2 ||     3
       Invisible         |       |       |     1 |     2 ||     3
  Eat: Chunk             |       |     3 |     9 |     4 ||    16
       Ration            |       |       |       |     1 ||     1
Armor: Ring mail         |    10 |    38 |     4 |       ||    52
       Skin              |     3 |       |       |       ||     3
       Chain mail        |       |       |    23 |       ||    23
       Steam dragon scal |       |       |    27 |    13 ||    40
       Plate armour      |       |       |       |    71 ||    71
       Troll leather arm |       |       |       |     3 ||     3
Dodge: Dodged            |    40 |    75 |   164 |    81 ||   360
Block: Other             |       |       |    43 |    59 ||   102
       Reflection        |       |       |     2 |     1 ||     3

Table legend:
 A = Non-vault XP
 B = Vault XP
 C = Vault XP percentage of total XP
 D = Non-vault monster count
 E = Vault monster count
 F = Vault count percentage of total count
                 A         B        C        D         E       F
            +---------+---------+-------+---------+---------+-------
      Total |   10045 |    4530 |  31.1 |     184 |      98 |  34.8
            +---------+---------+-------+---------+---------+-------
        D:1 |      14 |       0 |   0.0 |       8 |       0 |   0.0
        D:2 |     124 |      46 |  27.1 |      21 |       8 |  27.6
        D:3 |     253 |       0 |   0.0 |      27 |       0 |   0.0
        D:4 |     316 |     772 |  71.0 |       9 |       2 |  18.2
        D:5 |     424 |       0 |   0.0 |      19 |       0 |   0.0
        D:6 |     888 |     686 |  43.6 |      28 |       3 |   9.7
        D:7 |     877 |      43 |   4.7 |      19 |       1 |   5.0
        D:8 |     509 |     384 |  43.0 |       8 |      26 |  76.5
        D:9 |     162 |     673 |  80.6 |       2 |       1 |  33.3
       D:10 |    1925 |    1638 |  46.0 |       9 |       6 |  40.0
       D:11 |    1822 |       0 |   0.0 |      14 |       0 |   0.0
       D:12 |     577 |       0 |   0.0 |      12 |       0 |   0.0
       D:13 |    2154 |       0 |   0.0 |       8 |       0 |   0.0
    Ossuary |       0 |     288 | 100.0 |       0 |      51 | 100.0
            +---------+---------+-------+---------+---------+-------
